 Dungeon Crawl Stone Soup version 0.31-a0-640-g39d97e502b (webtiles) character file.

Game seed: 10712599086552488273

102 qw the Shooter (level 4, -1/28 HPs)
             Began as a Gargoyle Hunter on Aug 27, 2023.
             Slain by a gnoll
             ... wielding a +0 spear
              (2 damage)
             ... on level 3 of the Dungeon.
             The game lasted 00:00:36 (1385 turns).

qw the Shooter (Gargoyle Hunter)                    Turns: 1385, Time: 00:00:37

Health: -1/28      AC:  7    Str: 14    XL:     4   Next: 78%
Magic:  4/4        EV: 11    Int: 10    God:
Gold:   65         SH:  0    Dex: 15    Spells: 3/3 levels left

rFire   . . .        Y - +1 shortbow
rCold   + . .        (shield currently unavailable)
rNeg    + . .        m - +0 leather armour {rC+}
rPois   inf          (no helmet)
rElec   +            (no cloak)
rCorr   .            c - +0 pair of gloves
SInv    .            (no boots)
Will    .....        (no amulet)
Stlth   ++           (no ring)
HPRegen 0.24/turn    (no ring)
MPRegen 0.09/turn

%: no passive effects
@: about to teleport
A: sickness immunity, AC +3, negative energy resistance 1, electricity
resistance, torment resistance 1, petrification resistance
a: no special abilities


You were on level 3 of the Dungeon.
You visited 1 branch of the dungeon, and saw 3 of its levels.

You collected 65 gold pieces.


Innate Abilities, Weirdness & Mutations

You are immune to sickness and miasma.
Your stone body is resilient. (AC +3)
You are immune to poison.
You resist negative energy. (rN+)
You are resistant to electric shocks. (rElec)
You are resistant to unholy torment.
You are immune to petrification.


   Skills:
 - Level 3.0 Fighting
 + Level 5.7 Ranged Weapons
 - Level 1.5 Dodging
 - Level 1.1 Stealth


You had 3 spell levels left.
You didn't know any spells.
Your spell library was empty.

Inventory:

Hand Weapons
 Y - a +1 shortbow (weapon)
Armour
 c - a +0 pair of gloves (worn)
 h - a +0 ring mail
 m - a +0 leather armour of cold resistance (worn)
Potions
 b - a potion of mutation {unknown}
 e - a potion of haste {unknown}
 g - a potion of heal wounds {unknown}
 k - a potion of attraction {unknown}

Dungeon Overview and Level Annotations

Branches:
Dungeon (3/15)

Altars:

Annotations:
D:2 1 runed translucent door, Crazy Yiuf


Message History

The gnoll closely misses you. The jackal closely misses you.
The jackal bites you but does no damage.
The gnoll hits you from afar with a +0 spear.
You shoot an arrow. The arrow barely misses the jackal.
The jackal closely misses you.
The jackal bites you but does no damage.
The jackal closely misses you. The gnoll barely misses you.
The jackal closely misses you.
You shoot an arrow.
The arrow hits the jackal but does no damage.
The jackal is moderately wounded.
The jackal bites you but does no damage.
The jackal closely misses you.
The gnoll hits you from afar with a +0 spear. x2
You shoot an arrow. The arrow hits the jackal!
You kill the jackal!
The jackal bites you but does no damage.
The gnoll closely misses you. The gnoll misses you.
The jackal barely misses you.
The jackal bites you but does no damage.
You shoot an arrow. The arrow hits the jackal!
You kill the jackal!
The jackal barely misses you.
The gnoll hits you from afar with a +0 spear.
The gnoll completely misses you.
You shoot an arrow. The arrow closely misses the jackal.
The jackal closely misses you. The gnoll hits you but does no damage.
The gnoll hits you from afar with a +0 spear!
The jackal bites you.
You shoot an arrow. The arrow closely misses the jackal.
The jackal closely misses you.
The gnoll zaps a wand.
The puff of flame misses you. The gnoll closely misses you.
The jackal bites you but does no damage.
The gnoll hits you from afar with a +0 spear. x2
1385 ||| READING scroll of teleportation.
As you read the scroll of teleportation, it crumbles to dust.
You feel strangely unstable. The jackal closely misses you.
The gnoll hits you from afar with a +0 spear.
You die...

...... #......
....... .......
.......
####.......
#..h.g.....
##.#@%g# #.#
#..#.#.# #.#
#....# # #.#
#....#
##.####.##.#
#....##.##.#
#.......##.#
####....#####..
#....<.........


You could see 2 gnolls and a jackal.

Vanquished Creatures
  4 adders (D:2)
  2 gnolls (D:3)
  2 dart slugs
  2 endoplasms
  3 giant cockroaches
  3 hobgoblins (D:1)
  8 jackals
  2 quokkas
  6 ball pythons
  2 bats
  2 frilled lizards (D:2)
  A goblin (D:2)
  2 kobolds
  4 rats
43 creatures vanquished.

Notes
Turn   | Place    | Note
-------+----------+-------------------------------------------
     0 | D:1      | qw the Gargoyle Hunter began the quest for the Orb.
     0 | D:1      | Reached XP level 1. HP: 12/12 MP: 1/1
     0 | D:1      | 0 ||| qw: Version: 0.3-a-74-g0d5e918
     0 | D:1      | 0 ||| qw: Game counter: 32
     0 | D:1      | 0 ||| qw: Melee chars always use a shield: true
     0 | D:1      | 0 ||| qw: God list: Okawaru
     0 | D:1      | 0 ||| qw: Allow faded altars: false
     0 | D:1      | 0 ||| qw: Do Orc after clearing Dungeon:15 true
     0 | D:1      | 0 ||| qw: Do second Lair branch before Depths: true
     0 | D:1      | 0 ||| qw: Lair rune preference: random
     0 | D:1      | 0 ||| qw: Goals: Normal
     0 | D:1      | 0 ||| PLANNING D:1-11
   260 | D:1      | Reached XP level 2. HP: 17/17 MP: 2/2
   406 | D:1      | Found a faded altar of an unknown god.
   623 | D:1      | 623 ||| UPGRADING to +0 leather armour of cold resistance.
   633 | D:1      | 633 ||| DROPPING +0 leather armour.
   634 | D:1      | 634 ||| READING scroll labelled NUCAFFUOQI.
   635 | D:1      | 635 ||| READING scroll labelled GIESUOW PUHEMP.
   636 | D:1      | 636 ||| READING scroll labelled UNUNTA ALEONI.
   637 | D:1      | 637 ||| READING scroll labelled HOUBITT YTIBIA.
   640 | D:1      | 640 ||| READING scroll labelled BUAVVU CUQUTZ.
   653 | D:1      | 653 ||| READING 2 scrolls labelled GYRRUC MEFAH.
   654 | D:1      | 654 ||| READING scroll labelled XUKHLI UBIUMIZ.
   655 | D:1      | 655 ||| DROPPING scroll of butterflies.
   656 | D:1      | 656 ||| DROPPING scroll of blinking.
   674 | D:2      | 674 ||| STAIRDANCE
   695 | D:2      | 695 ||| STAIRDANCE
   703 | D:2      | 703 ||| STAIRDANCE
   759 | D:2      | Reached skill level 5 in Ranged Weapons
   759 | D:2      | Reached XP level 3. HP: 21/21 MP: 3/3
   798 | D:2      | Reached skill level 3 in Fighting
   862 | D:2      | 862 ||| FLEEEEING.
   863 | D:2      | 863 ||| FLEEEEING.
   865 | D:2      | Reached XP level 4. HP: 25/28 MP: 4/4
  1010 | D:2      | Identified the staff of Wounding {rPois rN+ Str+2 Int+3
                  | Necro}
  1316 | D:2      | Found a runed translucent door.
  1317 | D:2      | Noticed Crazy Yiuf
  1320 | D:2      | 1320 ||| UPGRADING to +0 pair of gloves.
  1325 | D:2      | 1325 ||| DROPPING ring of flight.
  1326 | D:2      | 1326 ||| READING scroll labelled QOAHEPT OKHIADDE.
  1384 | D:3      | HP: 6/28 [gnoll/+0 spear (2)]
  1384 | D:3      | HP: 1/28 [gnoll/+0 spear (5)]
  1385 | D:3      | 1385 ||| READING scroll of teleportation.
  1385 | D:3      | Slain by a gnoll

Levels and vault maps discovered:
D:1:      roderic_dead_forest, layout_loops_ring,
          dreamdust_ecumenical_altar_hidden_monk_grotto
D:2:      layout_rooms, minmay_misc_feat_iff, uniq_crazy_yiuf_cottage
D:3:      layout_basic, serial_bayou_pond_a

Skill      XL: |  1  2  3 |
---------------+----------+-----
Ranged Weapons | 5 |  5.7
Fighting       | 3 |  3.0
Dodging        | |  1.5
Stealth        | |  1.1

Action                     |  1- 3 |  4- 6 || total
---------------------------+-------+-------++-------
   Fire: Shortbow          |    85 |    44 ||   129
    Use: Scroll            |     7 |     2 ||     9
 Armour: Leather armour    |    24 |    11 ||    35
  Dodge: Dodged            |    44 |    19 ||    63

Table legend:
 A = Non-vault XP
 B = Vault XP
 C = Vault XP percentage of total XP
 D = Non-vault monster count
 E = Vault monster count
 F = Vault count percentage of total count
                 A         B        C        D         E       F
            +---------+---------+-------+---------+---------+-------
      Total |     147 |       0 |   0.0 |      43 |       0 |   0.0
            +---------+---------+-------+---------+---------+-------
        D:1 |      23 |       0 |   0.0 |      13 |       0 |   0.0
        D:2 |      92 |       0 |   0.0 |      26 |       0 |   0.0
        D:3 |      32 |       0 |   0.0 |       4 |       0 |   0.0
            +---------+---------+-------+---------+---------+-------
